 Dungeon Crawl Stone Soup version 0.19-a0-1002-g674d22e (webtiles) character file.

14539 epen the Transmogrifier (level 11, -1/92 HPs)
             Began as a Purple Draconian Transmuter on July 18, 2016.
             Was a High Priest of Uskayaw.
             Slain by a wolf (4 damage)
             ... on level 2 of the Lair of Beasts.
             The game lasted 00:31:59 (16876 turns).

epen the Transmogrifier (DrTm)                     Turns: 16876, Time: 00:32:00

Health: -1/92      AC:  9    Str: 12    XL:     11   Next: 90%
Magic:  16/21      EV: 16    Int: 18    God:    Uskayaw [*****.]
Gold:   653        SH:  0    Dex: 15    Spells: 6 memorised, 10 levels left

rFire  . . .     SeeInvis .       - Unarmed
rCold  . . .     Gourm    .     (armour unavailable)
rNeg   . . .     Faith    .     (shield currently unavailable)
rPois  .         Spirit   .     (helmet restricted)
rElec  .         Dismiss  .     J - +0 cloak
rCorr  .         Reflect  .     (gloves currently unavailable)
SustAt .         Harm     .     x - +0 pair of boots
MR     +....                    (no amulet)
Stlth  ++........               q - +4 ring of dexterity
                                j - +3 ring of slaying

@: blade hands, repel missiles, somewhat resistant to hostile enchantments,
unstealthy
A: breathe power, unfitting armour, antennae 1, low mp 1, mutation resistance 2,
slow regeneration 1, cold-blooded, AC +7
a: Breathe Dispelling Energy, End Transformation, Stomp, Line Pass, Grand
Finale, Renounce Religion


You were on level 2 of the Lair of Beasts.
You worshipped Uskayaw.
Uskayaw was noncommittal.
You were near starving.
You had blades for hands.
You visited 3 branches of the dungeon, and saw 13 of its levels.

You collected 653 gold pieces.

Inventory:

Missiles
 a - 131 arrows
Armour
 v - a +1 pair of gloves (melded)
 x - a +0 pair of boots (worn)
 J - a +0 cloak (worn)
Jewellery
 j - a +3 ring of slaying (left scythe-like blade)
 q - a +4 ring of dexterity (right scythe-like blade)
 t - a +1 ring of protection
 M - an uncursed ring of poison resistance
Wands
 f - a wand of random effects (30/48)
 k - a wand of acid (7/15)
 r - a wand of slowing (40/48)
 y - a wand of flame (17/48)
 A - a wand of random effects (30/48)
 C - a wand of polymorph (3/24)
 I - a wand of lightning (4/15)
 L - a wand of flame (19/48)
 N - a wand of iceblast (8/15)
Scrolls
 d - 3 scrolls of immolation
 i - a scroll of teleportation
 n - a scroll of amnesia
 p - 5 scrolls of enchant weapon
 u - 3 scrolls of remove curse
 E - 3 scrolls of enchant armour
 G - 2 scrolls of identify
 O - a scroll of magic mapping
Potions
 e - a potion of berserk rage
 g - a potion of agility
 l - 2 potions of invisibility
 o - 3 potions of curing
 s - a potion of cancellation
 z - 2 potions of ambrosia
 K - a potion of flight
Books
 b - a book of Changes

   Spells                             Type                      Level
   a - Beastly Appendage              Transmutation                1
   b - Sticks to Snakes               Transmutation                2
   c - Spider Form                    Transmutation/Poison         3
   d - Ice Form                       Ice/Transmutation            4
   e - Blade Hands                    Transmutation                5
 B - a book of Dreams

   Spells                             Type                      Level
   a - Ensorcelled Hibernation        Hexes/Ice                    2
   b - Silence                        Hexes/Air                    5
   c - Darkness                       Hexes                        6
   d - Shadow Creatures               Summoning                    6
 D - a book of Minor Magic

   Spells                             Type                      Level
   a - Magic Dart                     Conjuration                  1
   b - Blink                          Translocation                2
   c - Call Imp                       Summoning                    2
   d - Repel Missiles                 Charms/Air                   2
   e - Slow                           Hexes                        2
   f - Conjure Flame                  Conjuration/Fire             3
   g - Mephitic Cloud                 Conjuration/Poison/Air       3
 H - a book of Annihilations

   Spells                             Type                      Level
   a - Poison Arrow                   Conjuration/Poison           6
   b - Chain Lightning                Conjuration/Air              8
   c - Lehudib's Crystal Spear        Conjuration/Earth            8
   d - Glaciate                       Conjuration/Ice              9
   e - Fire Storm                     Conjuration/Fire             9
Comestibles
 c - 5 bread rations
 m - 5 beef jerkies
 w - 7 fruits
 F - 7 royal jellies
 P - 3 meat rations


   Skills:
 + Level 7.4 Fighting
 + Level 6.8 Dodging
 * Level 9.2 Unarmed Combat
 + Level 9.4 Spellcasting
 + Level 4.1 Charms
 + Level 3.6 Translocations
 * Level 10.7 Transmutations


You had 10 spell levels left.
You knew the following spells:

 Your Spells              Type           Power        Failure   Level  Hunger
a - Repel Missiles        Chrm/Air       ###...       41%         2    None
b - Sticks to Snakes      Tmut           #####...     10%         2    None
c - Spider Form           Tmut/Pois      ####......   24%         3    None
d - Blade Hands           Tmut           #####.....   24%         5    #####..
e - Ice Form              Ice/Tmut       ####....     50%         4    ###....
f - Blink                 Tloc           N/A          24%         2    None


Dungeon Overview and Level Annotations

Branches:
Dungeon (10/15)            Temple (1/1) D:6            Lair (2/6) D:8
  Swamp: Lair:2-4    Shoals: Lair:2-4     Snake: Lair:2-4    Spider: Lair:2-4
    Orc: D:9-12

Altars:
Ashenzari
Cheibriados
Dithmenos
Elyvilon
Fedhas
Gozag
Hepliaklqana
Kikubaaqudgha
Makhleb
Nemelex Xobeh
Okawaru
Pakellas
Qazlal
Ru
Sif Muna
Trog
Uskayaw
Vehumet
Xom
Yredelemnul
Zin
The Shining One

Shops:
D:8 :

Annotations:
D:2 Sigmund
D:10 Urug
Lair:1 exclusion: oklob plant


Innate Abilities, Weirdness & Mutations

You can breathe bolts of dispelling energy.
Your rich purple scales are hard. (AC +7)
Your body does not fit into most forms of armour.
You are cold-blooded and may be slowed by cold attacks.
You have a pair of small antennae on your head.
Your magical capacity is low. (-10% MP)
You are somewhat resistant to both further mutation and mutation removal.
You regenerate slowly when monsters are visible.


Message History

The wolf completely misses you.
You miss the wolf.
The wolf closely misses you. x2; The wolf bites you!
The wolf bites you.
* * * LOW HITPOINT WARNING * * *
The wolf closely misses you. The wolf bites you!
* * * LOW HITPOINT WARNING * * *
Unknown command.
Casting: Blade Hands
Confirm with . or Enter, or press ? or * to list all spells.
You create 2 snakes!
You now have 131 arrows.
The wolf closely misses you. The wolf bites you.
* * * LOW HITPOINT WARNING * * *
The wolf misses you. The wolf bites you.
* * * LOW HITPOINT WARNING * * *
You feel better. The wolf misses you. The wolf bites you.
* * * LOW HITPOINT WARNING * * *
The wolf bites you!
* * * LOW HITPOINT WARNING * * *
The wolf closely misses you. The wolf bites you.
You die...

..........<...............
.........................
.........................
..........................
...........................
...........................
...........S...............
...?.....h†h...............
.........h@†...............
...........................
........S..................
#........>...............<
.P......................(..
...........................
...........##P##.###...PP.#
.......P...####..##.#...###
.......#...# ##..##....###


You could see 3 wolves and 2 friendly adders.

Vanquished Creatures
  A hill giant (D:6)
  Maurice (D:8)
  A black mamba (Lair:2)
  Joseph (D:7)
  2 spiny frogs
  A komodo dragon (Lair:1)
  2 trolls
  A queen bee (D:8)
  Grinder (D:6)
  3 blink frogs (Lair:2)
  19 yaks
  A basilisk (Lair:2)
  Menkaure (D:7)
  Edmund (D:4)
  4 hippogriffs
  3 wargs (D:8)
  4 water moccasins
  3 sky beasts
  3 orc warriors
  An ice beast (D:5)
  4 phantoms
  An eye of draining (D:8)
  4 crocodiles
  4 ogres
  7 wolves
  2 centaurs
  3 big kobolds
  Blork the orc (D:5)
  5 giant frogs
  A water moccasin zombie (D:6)
  2 scorpions
  A water moccasin skeleton (D:9)
  26 killer bees
  11 wights
  2 howler monkeys
  An electric eel (Lair:1)
  2 jellies
  2 crimson imps (D:5)
  4 hounds
  A giant frog zombie (D:8)
  10 orc priests
  7 orc wizards
  3 giant frog skeletons
  2 centaur skeletons (D:6)
  4 iguanas
  13 worker ants
  6 sheep
  2 hound skeletons (D:7)
  A howler monkey zombie (D:8)
  A worker ant zombie (D:8)
  9 adders
  5 gnolls
  8 river rats (Lair:2)
  2 shadow imps
  2 oozes
  An adder zombie (D:8)
  2 adder skeletons (D:8)
  3 worms
  2 dart slugs
  3 giant geckos
  41 orcs
  4 bats (D:1)
  5 giant cockroaches
  4 hobgoblins
  16 jackals
  3 quokkas
  2 ball pythons
  A ball python zombie (D:5)
  5 giant newts
  2 goblins (D:1)
  A jackal skeleton (D:3)
  19 kobolds
  A quokka zombie (D:6)
  5 rats
333 creatures vanquished.

Vanquished Creatures (collateral kills)
  A yak (Lair:1)
  An ice beast (D:6)
  A giant frog (Lair:1)
  An electric eel (Lair:1)
  An orc priest (D:6)
  A giant gecko (D:1)
  A hobgoblin (D:1)
7 creatures vanquished.

Vanquished Creatures (others)
  2 plants (Lair:1)
2 creatures vanquished.

Grand Total: 342 creatures vanquished

Notes
Turn   | Place    | Note
-------+----------+-------------------------------------------
     0 | D:1      | epen the Draconian Transmuter began the quest for the Orb.
     0 | D:1      | Reached XP level 1. HP: 16/16 MP: 3/3
   106 | D:1      | Reached XP level 2. HP: 23/23 MP: 5/5
   252 | D:1      | Learned a level 2 spell: Sticks to Snakes
  1078 | D:2      | Reached XP level 3. HP: 29/29 MP: 6/6
  1084 | D:2      | Learned a level 3 spell: Spider Form
  1230 | D:2      | Found an ancient bone altar of Kikubaaqudgha.
  1314 | D:2      | Found a snail-covered altar of Cheibriados.
  1476 | D:2      | Noticed Sigmund
  2033 | D:2      | Reached XP level 4. HP: 36/36 MP: 3/7
  2038 | D:2      | Found a burning altar of Makhleb.
  2151 | D:3      | Reached skill level 3 in Transmutations
  3706 | D:4      | Reached XP level 5. HP: 33/42 MP: 2/9
  3713 | D:4      | Noticed a phantom
  3745 | D:4      | Killed a phantom
  3861 | D:4      | Noticed an ogre
  3880 | D:4      | Killed an ogre
  3880 | D:4      | Reached XP level 6. HP: 45/50 MP: 2/11
  3883 | D:4      | Reached skill level 4 in Transmutations
  3954 | D:4      | Learned a level 5 spell: Blade Hands
  4165 | D:4      | Noticed Edmund
  4186 | D:4      | Killed Edmund
  4414 | D:4      | Your scales start taking on a rich purple colour.
  4414 | D:4      | Reached XP level 7. HP: 45/57 MP: 14/14
  4827 | D:5      | Entered Level 5 of the Dungeon
  5031 | D:5      | Reached skill level 5 in Spellcasting
  5468 | D:5      | Noticed Blork the orc
  5479 | D:5      | Killed Blork the orc
  5479 | D:5      | Reached skill level 5 in Transmutations
  5629 | D:5      | Learned a level 4 spell: Ice Form
  6577 | D:6      | Reached XP level 8. HP: 57/66 MP: 17/17
  6812 | D:6      | Noticed Grinder
  6824 | D:6      | Killed Grinder
  7025 | D:6      | Noticed a hill giant
  7119 | D:6      | Found a sacrificial altar of Ru.
  7184 | D:6      | Killed a hill giant
  7184 | D:6      | Reached skill level 5 in Unarmed Combat
  7184 | D:6      | Reached skill level 6 in Transmutations
  7667 | D:6      | Found a shattered altar of Ashenzari.
  7722 | D:6      | Found a shimmering altar of Xom.
  8104 | D:6      | Found a staircase to the Ecumenical Temple.
  8116 | Temple   | Entered the Ecumenical Temple
  8159 | Temple   | Became a worshipper of Uskayaw the Reveler
  8257 | D:6      | Reached * piety under Uskayaw
  8262 | D:6      | Reached XP level 9. HP: 48/72 MP: 15/19
  8262 | D:6      | Reached ** piety under Uskayaw
  8315 | D:6      | Reached *** piety under Uskayaw
  8320 | D:6      | Reached **** piety under Uskayaw
  8323 | D:6      | Reached ***** piety under Uskayaw
  8792 | D:6      | Reached skill level 7 in Transmutations
  8797 | D:6      | Reached skill level 5 in Fighting
  9470 | D:7      | Noticed Joseph
  9614 | D:7      | Killed Joseph
  9758 | D:7      | Found a bloodstained altar of Trog.
  9800 | D:7      | Reached skill level 5 in Dodging
  9808 | D:7      | Reached skill level 8 in Transmutations
  9958 | D:7      | Noticed Menkaure
 10329 | D:7      | Killed Menkaure
 10437 | D:7      | Found an iron altar of Okawaru.
 10442 | D:7      | Found an opulent altar of Gozag.
 10444 | D:7      | Found an oddly glowing altar of Pakellas.
 10603 | D:7      | Reached XP level 10. HP: 83/83 MP: 11/22
 10736 | D:7      | Learned a level 2 spell: Repel Missiles
 10739 | D:7      | Learned a level 2 spell: Blink
 11059 | D:8      | Found Nuebauh's Book Emporium.
 11186 | D:8      | Found a staircase to the Lair.
 11188 | D:8      | Reached skill level 1 in Charms
 11592 | D:8      | Reached skill level 9 in Transmutations
 11838 | D:8      | Reached skill level 1 in Translocations
 11863 | D:8      | Noticed Maurice
 11884 | D:8      | Killed Maurice
 13035 | D:9      | Gained mutation: You have a pair of small antennae on your head. [mutagenic meat]
 13038 | D:9      | Gained mutation: You are somewhat resistant to further mutation. [mutagenic meat]
 13041 | D:9      | Gained mutation: You are somewhat resistant to both further mutation and mutation removal. [mutagenic meat]
 13044 | D:9      | Gained mutation: You regenerate slowly when monsters are visible. [mutagenic meat]
 13047 | D:9      | Gained mutation: Your magical capacity is low. (-10% MP) [mutagenic meat]
 13331 | D:9      | Reached XP level 11. HP: 82/91 MP: 10/21
 13762 | D:10     | Entered Level 10 of the Dungeon
 13762 | D:10     | Noticed Urug
 13855 | Lair:1   | Entered Level 1 of the Lair of Beasts
 13935 | Lair:1   | Noticed an oklob plant
 13954 | Lair:1   | Reached skill level 10 in Transmutations
 16875 | Lair:2   | HP: 3/92 [wolf (6)]
 16876 | Lair:2   | Slain by a wolf

Vault maps used:
D:1:      eino_arrival_water_star, minivault_23
D:2:      lemuel_doored_altar, nicolae_overflow_hidden_temple,
          cheibriados_altar_1, marbit_many_paths, first_bread, uniq_sigmund
D:3:      kennysheep_nub, minivault_26, minivault_24, minmay_crystal_water,
          minmay_bisected
D:4:      serial_forest, infiniplex_forest_lined_2,
          infiniplex_forest_straight_3, infiniplex_forest_clump_C,
          infiniplex_forest_lined_3_way, infiniplex_forest_lined_corner,
          infiniplex_forest_lined_2, infiniplex_forest_straight_4,
          infiniplex_forest_end_3, infiniplex_forest_straight_3,
          infiniplex_forest_clump_curved, uniq_edmund
D:5:      roderic_lattice_a, dk_noncrumbling_3,
          hangedman_abyss_or_decor_stagger, kennysheep_generic_room_13,
          uniq_blork_the_orc
D:6:      xom_butterflies, overflow_temple_1_default, minmay_misc_feat_tower,
          nicolae_ru_awakened_eye, uniq_grinder
D:7:      grunt_temple_overflow_open, bloody_trog, uniq_menkaure, uniq_joseph
D:8:      erik_lair_orcish_takeover, serial_shops, kennysheep_little_box,
          david_nohive_1, uniq_maurice
D:9:      statue_in_the_mist_lemuel, grunt_ministairs_4
D:10:     serial_shops, nicolae_shop_temple_entry_statues_fountains,
          fountainhead, uniq_urug
Temple:   cyrus_circular_temple
Lair:1:   minmay_lair_oklob_items, serial_bayou_shore_a

Skill      XL: |  1  2  3  4  5  6  7  8  9 10 11 |
---------------+----------------------------------+-----
Dodging        | 2 3 4 5 6 |  6.8
Fighting       | 2 3 4 5 6 7 |  7.4
Transmutations | 3 4 5 6 8 9 10 | 10.7
Spellcasting   | 3 4 6 7 8 9 |  9.4
Unarmed Combat | 4 5 6 7 9 |  9.2
Charms         | 2 4 |  4.1
Translocations | 2 3 |  3.6

Action                   |  1- 3 |  4- 6 |  7- 9 | 10-12 || total
-------------------------+-------+-------+-------+-------++-------
Melee: Unarmed           |   141 |   134 |   397 |   511 ||  1183
       Tailslap          |    10 |    10 |    45 |    46 ||   111
       Punch             |     2 |     2 |     6 |    14 ||    24
 Cast: Sticks to Snakes  |     2 |     8 |    26 |    13 ||    49
       Beastly Appendage |     1 |     1 |       |       ||     2
       Spider Form       |     1 |     9 |    16 |       ||    26
       Blade Hands       |       |       |     2 |    21 ||    23
       Ice Form          |       |       |     2 |     7 ||     9
       Repel Missiles    |       |       |       |     3 ||     3
Invok: Line Pass         |       |       |       |     1 ||     1
 Abil: Breathe Dispellin |       |       |     7 |     4 ||    11
Evoke: Wand              |       |       |     1 |       ||     1
  Use: Scroll            |       |       |    18 |     7 ||    25
       Potion            |       |       |     1 |     6 ||     7
 Stab: Sleeping          |       |       |     2 |     2 ||     4
       Paralysed         |       |       |    12 |    31 ||    43
       Distracted        |       |       |       |     1 ||     1
  Eat: Bread ration      |     1 |       |       |       ||     1
       Chunk             |       |     4 |    17 |    31 ||    52
       Meat ration       |       |     1 |     1 |       ||     2
       Fruit             |       |       |       |     1 ||     1
Armor: Skin              |    39 |    17 |    85 |   112 ||   253
Dodge: Dodged            |    99 |    76 |   253 |   385 ||   813
       Deflected         |       |       |       |     9 ||     9
